Map: Temple gelé

Players

zidar

  • Race: Zerg Zerg
  • League: Gold
  • Spawn Location: 5:00

profi - Winner!

  • Race: Zerg Zerg
  • League: Silver
  • Spawn Location: 11:00

VOD

Have the link to the VOD?

Description

Time

  • Played on: May 31, 2016, 2:39 p.m.
  • Length: 16:48
Show
View Real Time Build Order
Export as new Build Order

zidar Zerg 

Build Orders: Pool First 

Get SALT Encoding   

  12  0:01  Drone  
  13  0:12  Overlord  
  13  0:21  Drone  
  13  0:28  Extractor, Drone  
  15  0:37  Drone x2  
  17  0:51  Spawning Pool  
  17  0:54  Drone  
  17  1:17  Hatchery  
  16  1:20  Drone  
  16  1:39  Extractor  
  15  1:40  Zergling x6  
  15  1:44  Queen  
  20  1:52  Overlord  
  17  2:11  Zergling x2  
  17  2:24  Zergling x4  
  19  2:33  Roach Warren  
  18  2:41  Queen  
  20  2:53  Zergling x6  
  20  2:58  Drone  
  24  3:25  Roach x3  
  28  3:52  Roach x3  
  28  3:53  Roach  
  30  3:59  Zergling x4  
  26  4:29  Hatchery  
  25  4:32  Drone  
  26  4:42  Roach  
  28  5:06  Roach  
  30  5:16  Overlord  
  30  5:17  Overlord  
  30  5:38  Lair  
  30  5:41  Drone x4  
  34  5:59  Queen  
  36  6:06  Extractor  
  35  6:24  Drone x3  
  38  6:43  Drone x7  
  45  6:57  Spore Crawler  
  45  6:58  Spore Crawler  
  43  7:02  Spore Crawler  
  42  7:17  Spore Crawler  
  42  7:18  Spore Crawler x2  
  39  7:23  Spore Crawler  
  39  7:27  Zergling x4  
  40  7:31  Drone  
  40  7:33  Drone  
  42  7:42  Overlord  
  42  8:03  Drone x6  
  42  8:05  Drone  
  49  8:25  Zergling x2  
  49  8:26  Zergling x4  
  52  8:28  Metabolic Boost  
  52  8:51  Overlord x2  
  52  8:52  Overlord x2  
  51  9:15  Zergling x2  
  51  9:16  Zergling x32  
  68  9:31  Evolution Chamber  
  68  9:38  Zergling x6  
  70  9:46  Glial Reconstitution  
  70  9:59  Spire  
  69  10:20  Zerg Melee Weapons Level 1  
  69  10:23  Drone  
  69  10:24  Drone x6  
  73  10:56  Extractor  
  72  10:58  Extractor  
  71  11:07  Overlord x2  
  71  11:08  Overlord  
  71  11:09  Overlord  
  71  11:21  Mutalisk  
  71  11:22  Mutalisk x5  
  71  11:25  Mutalisk x3  
  89  11:51  Infestation Pit  
  69  12:18  Mutalisk x2  
  69  12:22  Zergling x14  
  69  12:38  Zergling x4  
  69  12:39  Zergling x4  
  55  13:10  Zergling x10  
  55  13:11  Zergling x4  
  59  13:19  Queen  
  61  13:48  Zergling x10  
  67  14:01  Spore Crawler  
  63  14:04  Spore Crawler  
  63  14:05  Spore Crawler  
  63  14:06  Spore Crawler  
  41  14:42  Lair  
  40  14:53  Spawning Pool  
  37  15:39  Overlord x2  
  37  15:40  Overlord x3  
  37  15:58  Drone x7  
  44  16:14  Hatchery  
Show
View Real Time Build Order
Export as new Build Order

profi Zerg - Winner!

Build Orders: Pool First 

Get SALT Encoding   

  12  0:02  Drone  
  13  0:23  Spawning Pool  
  12  0:51  Hatchery  
  11  1:10  Zergling x6  
  14  1:23  Overlord  
  14  1:41  Overlord, Queen  
  16  1:51  Zergling x2  
  15  2:18  Zergling x10  
  19  2:28  Extractor  
  18  2:30  Zergling x2  
  19  2:43  Zergling x6  
  22  2:50  Extractor  
  21  2:54  Zergling x8  
  25  2:59  Zergling x2  
  26  3:13  Drone  
  27  3:25  Drone x2  
  28  3:45  Zergling x6  
  18  4:09  Zergling x8  
  23  4:10  Zergling x2  
  23  4:26  Lair  
  23  4:29  Drone  
  24  4:41  Drone  
  25  4:50  Drone x3  
  28  5:07  Drone x2  
  28  5:08  Drone  
  28  5:13  Drone x2  
  33  5:36  Spire  
  32  5:43  Drone x4  
  36  5:52  Overlord  
  36  5:56  Spine Crawler  
  35  6:05  Spine Crawler  
  35  6:10  Drone x3  
  37  6:12  Drone  
  37  6:15  Drone  
  39  6:30  Zergling x6  
  39  6:31  Zergling x2  
  43  6:35  Drone  
  43  6:37  Overlord  
  44  6:43  Extractor  
  43  6:49  Extractor, Drone x2  
  44  6:59  Mutalisk x2  
  48  7:03  Mutalisk x2  
  48  7:08  Overlord  
  52  7:22  Overlord  
  52  7:49  Mutalisk x3  
  58  8:03  Drone  
  59  8:26  Mutalisk x2  
  63  8:38  Drone  
  64  8:52  Mutalisk x2  
  68  8:58  Overlord x2  
  68  9:15  Queen  
  70  9:17  Drone x3  
  73  9:28  Zerg Flyer Weapons Level 1  
  73  9:30  Mutalisk x4  
  81  9:43  Hatchery  
  80  9:58  Mutalisk x2  
  84  10:04  Overlord x2  
  84  10:52  Overlord x2  
  84  10:53  Overlord  
  84  10:55  Mutalisk x4  
  84  10:56  Mutalisk x3  
  98  11:18  Hatchery  
  63  12:37  Mutalisk x5  
  63  12:38  Mutalisk x6  
  74  13:20  Mutalisk x4  
  74  13:24  Drone  
  83  13:50  Hatchery  
  67  14:27  Spine Crawler  
  62  14:42  Spine Crawler  
  61  14:46  Spine Crawler  
  61  14:49  Spire  
  57  15:38  Drone x3  
  57  15:39  Queen  
  57  15:41  Queen  
  64  15:48  Drone x2  
  64  15:49  Drone  
  67  15:50  Queen  
  69  16:03  Mutalisk x2  
  69  16:04  Mutalisk x3  
  79  16:24  Drone x3  
Tags
 
Add a new tag
Caveats
  • Supply blocks, unpowered buildings, or Contaminate may cause inaccurate times.
  • Supply counts are checked every 10 seconds.